 Dungeon Crawl Stone Soup version 0.28.0-53-g5a82cb258f (webtiles) character file.

Game seed: 8273953222830553371

170 Metae the Skirmisher (level 5, -4/47 HPs)
             Began as a Draconian Cinder Acolyte on July 7, 2022.
             Was a Priest of Ignis.
             Slain by Grinder (6 damage)
             ... on level 3 of the Dungeon.
             The game lasted 00:16:43 (2870 turns).

Metae the Skirmisher (Draconian Cinder Acolyte)     Turns: 2870, Time: 00:16:44

Health: -4/47      AC: 10    Str: 18    XL:     5   Next: 26%
Magic:  6/8        EV: 11    Int: 15    God:    Ignis [***...]
Gold:   63         SH:  0    Dex:  6    Spells: 6/8 levels left

rFire   + . .      SeeInvis .   a - -1 hand axe (flame)
rCold   . . .      Faith    .   (no shield)
rNeg    . . .      Spirit   .   (armour unavailable)
rPois   .          Reflect  .   (helmet restricted)
rElec   .          Harm     .   n - +0 cloak
rCorr   .          Rampage  .   (no gloves)
Will    +....                   (no boots)
Stlth   +.........              (no amulet)
HPRegen 0.15/turn               c - ring of willpower
MPRegen 0.11/turn               g - +4 ring of protection

@: slowed, very slow
A: AC +5, unfitting armour, cold-blooded
a: Renounce Religion, Fiery Armour, Foxfire Swarm, Rising Flame


You were on level 3 of the Dungeon.
You worshipped Ignis.
Ignis was most pleased with you.
You visited 1 branch of the dungeon, and saw 3 of its levels.

You collected 63 gold pieces.

Inventory:

Hand Weapons
 a - a -1 hand axe of flaming (weapon)
 d - a +1 short sword of venom
 m - a +4 quarterstaff of chaos
Armour
 n - a +0 cloak (worn)
Jewellery
 c - a ring of willpower (left hand)
 g - a +4 ring of protection (right hand)
 k - the ring of Exhibitionism {rCorr AC+4 Str-3 Dex+3}
   (You found it on level 2 of the Dungeon)

   [ring of protection]

   AC:        It affects your AC (+4).
   Str:       It affects your strength (-3).
   Dex:       It affects your dexterity (+3).
   rCorr:     It protects you from acid and corrosion.
Wands
 l - a wand of mindburst (19)
Scrolls
 b - 3 scrolls of identify {unknown}
 f - a scroll of blinking {unknown}
Potions
 e - a potion of might {unknown}
 h - a potion of magic {unknown}
 i - a potion of lignification {unknown}
 j - a potion of flight {unknown}
 o - a potion of mutation {unknown}


   Skills:
 + Level 4.3 Fighting
 + Level 4.0 Axes
 + Level 2.3 Spellcasting
 + Level 3.9 Fire Magic


You had 6 spell levels left.
You knew the following spells:

 Your Spells              Type           Power      Damage    Failure   Level
a - Scorch                Fire           26%        2d6       6%          2

Your spell library contained the following spells:

 Spells                   Type           Power      Damage    Failure   Level
 Cause Fear               Hex            0%         N/A       91%         4
 Dragon Form              Tmut           0%         N/A       100%        7
 Dragon's Call            Summ           0%         N/A       100%        9


Dungeon Overview and Level Annotations

Branches:
Dungeon (3/15)

Altars:

Shops:
D:2 [

Annotations:
D:3 Grinder, Terence


Innate Abilities, Weirdness & Mutations

Your plain brown scales are hard. (AC +5)
You cannot fit into any form of body armour.
You are cold-blooded and may be slowed by cold attacks.


Message History

Terence hits you but does no damage.
The giant cockroach bites you but does no damage.
You slash the giant cockroach! You burn the giant cockroach.
You kill the giant cockroach!
You hit Terence but do no damage. Terence hits you but does no damage.
You see here a giant cockroach corpse.
Grinder blinks!
Terence closely misses you.
Activating: Foxfire Swarm
Press: ? - help, Dir - look around, f - activate Flames leap up around you!
Grinder blinks!
The hobgoblin hits you but does no damage.
The foxfire hits Grinder.
Grinder is lightly wounded.
The foxfire hits Grinder but does no damage.
Grinder is lightly wounded.
The foxfire hits the hobgoblin.
You kill the hobgoblin!
The foxfire hits Grinder.
Grinder is lightly wounded.
The foxfire hits Grinder.
Grinder is moderately wounded.
Grinder hits you.
You writhe in agony.
Your Axes skill increases to level 4!
You barely miss Grinder.
Grinder is moderately wounded.
You barely miss Terence. Grinder gestures at you.
You resist with almost no effort. Terence completely misses you.
You hit Grinder but do no damage.
Grinder is moderately wounded.
You hit Terence. You burn Terence. Grinder hits you.
You writhe in agony.
Terence hits you with a +2 hand axe of freezing!
* * * LOW HITPOINT WARNING * * *
You feel yourself slow down. Terence freezes you.
* * * LOW HITPOINT WARNING * * *
Grinder grins, showing sharp teeth.
Grinder hits you.
* * * LOW HITPOINT WARNING * * *
You writhe in agony.
You die...

...# #############
...##################............
.......).....................>###
...#########'''######.#######.###
...# #...# #......# #.##. ...#
#≈)≈# #.#....# #.##^ ...#
#≈.≈####.#########.##. +###
#≈.≈#..#...........##.
#≈.≈#@.###########....
#≈.≈#5@######## #...##
#≈.≈#..†..§...###.....
##########.##########..##....#
#≈≈≈≈≈≈≈##.##≈≈≈≈≈≈≈##.##....#
#≈........#........≈##.##....#
#≈≈≈≈≈≈≈##.##≈≈≈≈≈≈≈##.##.....
##########.###########.##...##
#≈.≈#...# #.##..)##


You could see Grinder and Terence.

Vanquished Creatures
  Crazy Yiuf (D:3)
  Ijyb (D:3)
  5 adders
  A dart slug (D:2)
  9 ball pythons
  3 bats
  9 endoplasms
  4 giant cockroaches
  5 goblins
  10 hobgoblins
  5 quokkas
  4 frilled lizards
  3 kobolds
  3 rats
63 creatures vanquished.

Vanquished Creatures (others)
  22 foxfires (D:3)
22 creatures vanquished.

Grand Total: 85 creatures vanquished

Notes
Turn   | Place    | Note
-------+----------+-------------------------------------------
     0 | D:1      | Metae the Draconian Cinder Acolyte began the quest for the
                  | Orb.
     0 | D:1      | Reached XP level 1. HP: 19/19 MP: 2/2
   197 | D:1      | Reached XP level 2. HP: 19/26 MP: 3/3
   288 | D:1      | Found a faded altar of an unknown god.
  1234 | D:2      | Reached XP level 3. HP: 28/31 MP: 5/5
  1642 | D:2      | Found Hakluor's Antique Armour Boutique.
  1736 | D:2      | Reached XP level 4. HP: 39/40 MP: 6/6
  1934 | D:2      | Identified the ring of Exhibitionism {rCorr AC+4 Str-3
                  | Dex+3}
  2362 | D:3      | Learned a level 2 spell: Scorch
  2477 | D:3      | Noticed Ijyb
  2486 | D:3      | Killed Ijyb
  2658 | D:3      | Found a runed translucent door.
  2659 | D:3      | Noticed Crazy Yiuf
  2666 | D:3      | Killed Crazy Yiuf
  2667 | D:3      | Reached XP level 5. HP: 31/46 MP: 3/8
  2807 | D:3      | Noticed Terence
  2807 | D:3      | Noticed Grinder
  2870 | D:3      | HP: 2/47 [Grinder (4)]
  2870 | D:3      | Slain by Grinder

Illustrated notes

Levels and vault maps discovered:
D:1:      co_arrival_random_square_maze, layout_basic,
          hellmonk_ecumenical_altar_slurped_away
D:2:      layout_loops_ring, serial_shops, shop
D:3:      layout_basic, kennysheep_cross_bottleneck, uniq_crazy_yiuf_cottage,
          uniq_ijyb, uniq_grinder, uniq_terence

Skill      XL: |  1  2  3  4  5 |
---------------+----------------+-----
Fighting       | 4 |  4.3
Spellcasting   | 2 |  2.3
Axes           | 4 |  4.0
Fire Magic     | |  3.9

Action                   |  1- 3 |  4- 6 || total
-------------------------+-------+-------++-------
Melee: Hand axe          |   139 |    65 ||   204
       Tailslap          |    12 |     6 ||    18
 Cast: Scorch            |       |     7 ||     7
Invok: Foxfire Swarm     |       |     3 ||     3
       Fiery Armour      |       |     1 ||     1
Armor: Skin              |    51 |    36 ||    87
Dodge: Dodged            |   106 |    52 ||   158
